 Dungeon Crawl Stone Soup version 0.24.0-125-gc4c63601f3 (webtiles) character file.

Game seed: 6788197416973856548, levelgen mode: deterministic

42040 loran1212 the Carver (level 13, -6/119 HPs)
             Began as a Minotaur Fighter on Mar 18, 2020.
             Was the Champion of Okawaru.
             Killed from afar by a bog body (22 damage)
             ... with a bolt of cold
             ... on level 1 of the Swamp on Mar 19, 2020.
             The game lasted 02:10:21 (19669 turns).

loran1212 the Carver (Minotaur Fighter)            Turns: 19669, Time: 02:10:21

Health: -6/119     AC: 29    Str: 27    XL:     13   Next: 83%
Magic:  8/8        EV:  8    Int:  9    God:    Okawaru [******]
Gold:   1306       SH:  0    Dex: 22    Spells: 12/12 levels left

rFire    . . .     SeeInvis .   d - +0 great sword of Yvvael {speed, rElec rPois MP-9 Dex+6}
rCold    . . .     Gourm    .   (shield currently unavailable)
rNeg     . . .     Faith    .   E - +0 plate armour
rPois    +         Spirit   .   (helmet unavailable)
rElec    +         Reflect  .   (no cloak)
rCorr    .         Harm     .   Z - +0 pair of gloves of the Elephant {Str+3 Int+3}
MR       .....     Rnd*Rage +   F - +2 pair of boots {run}
Stlth    ..........             (no amulet)
HPRegen  0.29/turn              T - +5 ring of dexterity
MPRegen  0.11/turn              D - +6 ring of protection

@: about to teleport, quick
A: retaliatory headbutt, horns 3, molten scales 1, berserk 1
a: Heroism, Finesse, Renounce Religion


You were on level 1 of the Swamp.
You worshipped Okawaru.
Okawaru was exalted by your worship.
You were not hungry.

You visited 3 branches of the dungeon, and saw 19 of its levels.

You collected 1306 gold pieces.

Inventory:

Hand Weapons
 d - the +0 great sword of Yvvael (weapon) {speed, rElec rPois MP-9 Dex+6}
   (Okawaru gifted it to you on level 5 of the Lair of Beasts)

   Attacks with this weapon are significantly faster.
   It affects your dexterity (+6).
   It insulates you from electricity.
   It protects you from poison.
   It affects your magic capacity (-9).
 g - a +1 short sword of draining
 o - the +8 long sword of Dishonesty {slice, Str+6 Stlth+}
   (Okawaru gifted it to you on level 1 of the Swamp)

   It inflicts extra damage upon your enemies.
   It affects your strength (+6).
   It makes you more stealthy.
 N - a -2 mace
 Y - a +3 scimitar of slicing
Armour
 c - a +0 shield
 E - a +0 plate armour (worn)
 F - a +2 pair of boots of running (worn)
 L - a +2 pair of gloves
 U - +0 fire dragon scales
 Z - the +0 pair of gloves of the Elephant (worn) {Str+3 Int+3}
   (Okawaru gifted it to you on level 6 of the Lair of Beasts)

   It affects your strength (+3).
   It affects your intelligence (+3).
Jewellery
 r - an uncursed ring of ice
 D - a +6 ring of protection (right hand)
 I - an uncursed ring of protection from fire
 S - an uncursed ring of positive energy
 T - a +5 ring of dexterity (left hand)
Wands
 q - a wand of disintegration (15)
 y - a wand of acid (3)
 C - a wand of flame (37)
 J - a wand of clouds (6)
 M - a wand of iceblast (17)
Scrolls
 a - a scroll of holy word {unknown}
 b - 2 scrolls of enchant armour {unknown}
 e - 3 scrolls of fear
 h - 7 scrolls of identify
 i - 3 scrolls of amnesia
 j - 9 scrolls of teleportation
 s - a scroll of random uselessness {unknown}
 v - 4 scrolls of fog
 x - 2 scrolls of immolation
 z - 3 scrolls of remove curse
 A - 5 scrolls of enchant weapon
 H - 2 scrolls of magic mapping {unknown}
 P - 2 scrolls of blinking {unknown}
 V - a scroll of vulnerability {unknown}
 W - a scroll of summoning {unknown}
 X - 2 scrolls of torment {unknown}
Potions
 k - 5 potions of flight
 l - 2 potions of brilliance
 m - 5 potions of curing
 n - a potion of invisibility {unknown}
 p - 2 potions of lignification
 t - 2 potions of resistance {unknown}
 u - a potion of magic
 w - 2 potions of cancellation {unknown}
 B - a potion of heal wounds
 G - a potion of might
 K - 2 potions of haste {unknown}
 Q - 2 potions of agility {unknown}
 R - 2 potions of ambrosia {unknown}
Comestibles
 f - 18 rations


   Skills:
 + Level 12.4 Fighting
 + Level 14.6 Long Blades
 - Level 2.0 Maces & Flails
 + Level 13.4 Armour
 - Level 0.8 Dodging
 + Level 14.5 Shields
 * Level 6.9 Invocations
 - Level 1.0 Evocations


You had 12 spell levels left.
You didn't know any spells.
Your spell library contained the following spells:

 Spells                   Type           Power        Failure   Level  Hunger
 Magic Dart               Conj           #...         96%         1    ##.....
 Summon Small Mammal      Summ           #...         96%         1    ##.....
 Blink                    Tloc           N/A          99%         2    ###....
 Call Imp                 Summ           #.......     99%         2    ###....
 Slow                     Hex            #.......     99%         2    ###....
 Call Canine Familiar     Summ           #.......     100%        3    ####...
 Conjure Flame            Conj/Fire      #.......     100%        3    ####...
 Mephitic Cloud           Conj/Pois/Air  #.......     100%        3    ####...
 Summon Guardian Golem    Hex/Summ       #.......     100%        3    ####...
 Summon Ice Beast         Ice/Summ       #.......     100%        4    #####..
 Summon Lightning Spire   Summ/Air       #.......     100%        4    #####..
 Silence                  Hex/Air        #.........   100%        5    ######.
 Conjure Ball Lightning   Conj/Air       #.........   100%        6    #######
 Deflect Missiles         Chrm/Air       #.........   100%        6    #######
 Tornado                  Air            #.........   100%        9    #######


Dungeon Overview and Level Annotations

Branches:
Dungeon (11/15)            Temple (0/1) D:5            Lair (6/6) D:8
  Swamp (2/4) Lair:3       Spider (0/4) Lair:2        Slime (0/5) Lair:5
    Orc: D:9-12

Altars:
Elyvilon
Fedhas
Makhleb
Okawaru
Qazlal
Sif Muna
Trog
Uskayaw
Wu Jian
Xom
Zin
The Shining One
Jiyva

Shops:
D:5 (


Innate Abilities, Weirdness & Mutations

You reflexively headbutt those who attack you in melee.
You have a pair of large horns on your head.
You are partially covered in molten scales. (AC +2)
You tend to lose your temper in combat.


Message History

You headbutt the spriggan.
You kill the spriggan!
Okawaru accepts your kill.
You slash the bog body! You headbutt the bog body!
The bog body is severely damaged.
The bog body gestures at you while chanting.
The bolt of cold hits you!
* * * LOW HITPOINT WARNING * * *
The spriggan rider hits you but does no damage.
The spriggan rider hits you from afar with a +0 spear!
* * * LOW HITPOINT WARNING * * *
You see here a scroll of teleportation.
As you read the scroll of teleportation, it crumbles to dust.
You feel strangely unstable. The bog body barely misses you.
You furiously retaliate!
You headbutt the bog body! The bog body barely misses you.
The spriggan rider hits you but does no damage.
The bog body casts a spell at you. The bolt of cold hits you!!
You die...

..≈.♣♣♣≈≈♣.≈≈≈♣♣≈..♣♣♣♣♣♣
♣♣....≈
≈.≈.♣♣♣♣≈..≈≈≈♣..≈.♣
♣≈≈≈.≈.
...≈.♣♣♣≈.≈≈≈♣♣≈...♣
♣♣.....
....≈.♣♣♣♣.≈≈♣♣♣≈.♣♣♣
♣♣.... ≈≈≈..≈♣..≈....♣♣♣♣≈.
♣♣≈≈≈≈ ≈≈≈§.≈≈≈≈≈..♣♣...♣..
♣♣♣♣♣..≈≈.
≈≈..>..≈≈≈..♣♣.≈≈.♣.
♣♣≈≈≈.♣≈...
≈≈.........♣♣♣.≈≈≈♣♣♣
♣..≈≈≈.....
≈≈≈..♣♣♣≈.♣≈♣≈≈.@..§♣
♣..≈≈≈≈≈.≈≈ ≈≈≈≈♣♣
♣♣♣♣♣.≈♣..?≈≈♣ ♣♣.≈≈.≈..≈≈
≈≈.§♣ ♣.≈≈....n♣♣♣
♣≈.≈≈..≈≈≈≈ ≈≈†♣♣
♣.≈.♣♣♣i.)♣♣♣♣♣...≈≈.≈≈≈≈
≈≈≈♣
♣..≈≈≈≈§≈..♣♣♣≈.≈≈≈....≈≈≈≈
≈≈.♣ ♣≈.≈≈≈≈≈≈≈≈.♣
♣♣.≈≈≈...≈..†≈ ≈≈.♣
♣..§≈≈≈≈≈§.♣♣ ♣♣...♣♣♣♣...≈
≈≈≈♣ ♣♣...≈≈≈≈..♣ ♣♣♣♣♣
♣...≈ ...♣ ......≈≈≈≈♣
♣....


You could see a spriggan rider and a bog body.

Vanquished Creatures
  A fire dragon (Lair:6)
  A catoblepas (Lair:6)
  7 hydras
  3 death yaks (Lair:6)
  A swamp dragon (Lair:6)
  2 manticores (Lair:6)
  7 black mambas
  5 elephants (Lair:6)
  15 spiny frogs
  A torpor snail (Lair:6)
  The ghost of Lidrolic the Chopper, a novice HuFi (D:5)
  3 rime drakes
  6 komodo dragons
  A polar bear (Lair:5)
  A hornet (Swamp:1)
  2 bog bodies (Swamp:1)
  A tyrant leech (Swamp:1)
  4 hippogriffs
  28 blink frogs
  7 dream sheep (Lair:6)
  A spriggan (Swamp:1)
  A shadow (Swamp:1)
  A wyvern (Lair:3)
  Eustachio (D:6)
  16 yaks
  4 basilisks (Lair:6)
  3 steam dragons (Lair:6)
  5 vampire mosquitoes (Swamp:1)
  5 swamp drakes
  4 orc warriors
  9 porcupines
  7 water moccasins
  3 ice beasts
  2 black bears
  4 ogres
  34 wolves
  14 crocodiles
  3 centaurs
  Blork the orc (D:6)
  5 bullfrogs
  A wyvern zombie (D:6)
  A wyvern skeleton (D:6)
  3 scorpions
  A killer bee (D:10)
  A crimson imp (D:6)
  2 centaur zombies
  3 howler monkeys
  2 jellies
  4 hounds
  7 orc wizards
  A quasit (D:9)
  Crazy Yiuf (D:4)
  An orc priest (D:7)
  Ijyb (D:3)
  4 iguanas
  4 worker ants
  2 hound skeletons
  Robin (D:2)
  A worker ant zombie (D:5)
  6 adders
  3 shadow imps
  An ooze (D:1)
  3 worms
  A dart slug (D:3)
  8 leopard geckos
  38 orcs
  3 giant cockroaches
  8 hobgoblins
  10 jackals
  5 kobolds
  7 quokkas
  8 bats
  2 frilled lizards
  14 goblins
  A jackal skeleton (D:5)
  A leopard gecko skeleton (D:5)
  A quokka zombie (D:5)
  2 rats
  A fungus (Lair:4)
  4 plants
388 creatures vanquished.

Vanquished Creatures (others)
  A hobgoblin (D:2)
  3 fungi
  7 plants
11 creatures vanquished.

Grand Total: 399 creatures vanquished

Notes
Turn   | Place    | Note
-------+----------+-------------------------------------------
     0 | D:1      | loran1212 the Minotaur Fighter began the quest for the Orb.
     0 | D:1      | Reached XP level 1. HP: 19/19 MP: 0/0
   192 | D:1      | Reached XP level 2. HP: 26/27 MP: 1/1
   532 | D:2      | Reached XP level 3. HP: 16/33 MP: 2/2
   832 | D:2      | Found a stormy altar of Qazlal.
   841 | D:2      | Noticed Robin
   877 | D:2      | Killed Robin
  1199 | D:2      | Reached XP level 4. HP: 39/40 MP: 3/3
  1286 | D:2      | Found an iron altar of Okawaru.
  1305 | D:2      | Became a worshipper of Warmaster Okawaru
  1850 | D:3      | Reached skill level 5 in Shields
  1850 | D:3      | Reached XP level 5. HP: 24/46 MP: 4/4
  2055 | D:3      | Noticed Ijyb
  2068 | D:3      | Killed Ijyb
  2206 | D:3      | Found a white marble altar of Elyvilon.
  2368 | D:3      | Noticed an angel
  2369 | D:3      | Found a glowing silver altar of Zin.
  2845 | D:4      | Found a blossoming altar of Fedhas.
  2845 | D:4      | Found a bloodstained altar of Trog.
  2845 | D:4      | Found a glowing golden altar of the Shining One.
  2967 | D:4      | Reached XP level 6. HP: 48/53 MP: 5/5
  3020 | D:4      | Reached skill level 5 in Armour
  3056 | D:4      | Found a shimmering altar of Xom.
  3170 | D:4      | Reached skill level 5 in Long Blades
  3196 | D:4      | Reached * piety under Okawaru
  3256 | D:4      | Found a runed translucent door.
  3257 | D:4      | Noticed Crazy Yiuf
  3269 | D:4      | Killed Crazy Yiuf
  3429 | D:5      | Entered Level 5 of the Dungeon
  3458 | D:4      | Found an ornate altar of the Wu Jian Council.
  3492 | D:5      | Found a staircase to the Ecumenical Temple.
  3525 | D:5      | Found a runed translucent door.
  3525 | D:5      | Noticed Lidrolic's ghost (novice HuFi)
  3543 | D:5      | Killed Lidrolic's ghost
  3543 | D:5      | Reached skill level 5 in Fighting
  3543 | D:5      | Reached XP level 7. HP: 15/61 MP: 4/6
  3816 | D:5      | Reached ** piety under Okawaru
  3987 | D:5      | You fall into a shaft and drop 2 floors!
  4001 | D:7      | Reached XP level 8. HP: 47/70 MP: 7/7
  4024 | D:7      | You fall into a shaft and drop 3 floors!
  4024 | D:10     | Entered Level 10 of the Dungeon
  4030 | D:11     | Noticed a catoblepas
  4627 | D:8      | Reached *** piety under Okawaru
  5227 | D:6      | Reached XP level 9. HP: 72/78 MP: 8/8
  5482 | D:5      | Found a hide-covered altar of Uskayaw.
  5973 | D:5      | Found Bufa's Antique Weapon Shop.
  5980 | D:5      | Found a burning altar of Makhleb.
  6291 | D:6      | Noticed Eustachio
  6301 | D:6      | Killed Eustachio
  6321 | D:7      | Found a shimmering blue altar of Sif Muna.
  6331 | D:6      | Noticed Blork the orc
  6344 | D:6      | Killed Blork the orc
  6787 | D:6      | Reached skill level 10 in Long Blades
  6792 | D:6      | Reached **** piety under Okawaru
  7506 | D:8      | Gained mutation: You tend to lose your temper in combat.
                  | [potion of mutation]
  7506 | D:8      | Gained mutation: You are partially covered in molten
                  | scales. (AC +2) [potion of mutation]
  7506 | D:8      | Gained mutation: You have a pair of large horns on your
                  | head. [potion of mutation]
  8202 | D:8      | Found a staircase to the Lair.
  8221 | Lair:1   | Entered Level 1 of the Lair of Beasts
  8428 | D:8      | Reached XP level 10. HP: 35/88 MP: 9/9
  8845 | Lair:2   | Found a hole to the Spider Nest.
  8912 | Lair:1   | Noticed a spiny frog
  8927 | Lair:1   | Killed a spiny frog
  9299 | Lair:1   | Reached ***** piety under Okawaru
  9645 | Lair:1   | Reached skill level 10 in Armour
  9858 | Lair:1   | Reached skill level 10 in Shields
  9937 | Lair:1   | Noticed a black mamba
  9947 | Lair:1   | Killed a black mamba
 10182 | Lair:1   | Noticed a spiny frog
 10192 | Lair:1   | Killed a spiny frog
 10586 | Lair:2   | Received a gift from Okawaru
 10589 | Lair:2   | Got a brightly glowing robe {god gift}
 10988 | Lair:1   | Identified the +2 robe of Ylus {Int+3} (Okawaru gifted it
                  | to you on level 2 of the Lair of Beasts)
 11011 | Lair:2   | Reached XP level 11. HP: 94/97 MP: 10/10
 12876 | Lair:3   | Found a staircase to the Swamp.
 12895 | Lair:3   | Reached skill level 10 in Fighting
 13182 | Lair:4   | Reached ****** piety under Okawaru
 13280 | Lair:3   | Reached skill level 1 in Invocations
 13740 | Lair:4   | Noticed a four-headed hydra
 13762 | Lair:4   | Killed a four-headed hydra
 13762 | Lair:4   | Received a gift from Okawaru
 14277 | Lair:5   | Reached XP level 12. HP: 81/106 MP: 12/12
 14637 | Lair:5   | Received a gift from Okawaru
 14637 | Lair:5   | Reached skill level 1 in Maces & Flails
 14673 | Lair:5   | Got a brightly glowing great sword {god gift}
 14705 | Lair:5   | Identified the +0 great sword of Yvvael {speed, rElec rPois
                  | MP-9 Dex+6} (Okawaru gifted it to you on level 5 of the
                  | Lair of Beasts)
 14838 | Lair:6   | Entered Level 6 of the Lair of Beasts
 14856 | Lair:5   | Noticed a five-headed hydra
 14893 | Lair:5   | Killed a five-headed hydra
 15038 | Lair:5   | Found a staircase to the Slime Pits.
 15039 | Lair:5   | Found a viscous altar of Jiyva.
 15046 | Lair:5   | Noticed an eight-headed hydra
 15381 | Lair:5   | Noticed a six-headed hydra
 15398 | Lair:5   | Killed a six-headed hydra
 15718 | Lair:5   | Reached skill level 1 in Evocations
 15850 | Lair:5   | Killed an eight-headed hydra
 15850 | Lair:5   | Received a gift from Okawaru
 15862 | Lair:5   | Identified a +2 pair of boots of running (Okawaru gifted it
                  | to you on level 5 of the Lair of Beasts)
 16667 | Lair:6   | Noticed a four-headed hydra
 16684 | Lair:6   | Killed a four-headed hydra
 16871 | Lair:6   | Reached skill level 5 in Invocations
 17042 | Lair:6   | Reached XP level 13. HP: 73/116 MP: 15/15
 17448 | Lair:6   | Noticed a fire dragon
 17772 | Lair:6   | Received a gift from Okawaru
 17778 | Lair:6   | Got a pair of distressingly furry gloves {god gift}
 17789 | Lair:6   | Identified the +0 pair of gloves of the Elephant {Str+3
                  | Int+3} (Okawaru gifted it to you on level 6 of the Lair of
                  | Beasts)
 18960 | Lair:6   | Killed a fire dragon
 19275 | Swamp:1  | Entered Level 1 of the Swamp
 19381 | Swamp:1  | Received a gift from Okawaru
 19386 | Swamp:1  | Got a jewelled long sword {god gift}
 19387 | Swamp:1  | Identified the +8 long sword of Dishonesty {slice, Str+6
                  | Stlth+} (Okawaru gifted it to you on level 1 of the Swamp)
 19669 | Swamp:1  | Killed from afar by a bog body

Levels and vault maps discovered:
D:1:      sevenhm_arrival_forest_fort_large_4, layout_rooms
D:2:      layout_basic, lemuel_crystal_altar, grunt_qazlal_clouds, first_ration,
          uniq_robin
D:3:      layout_loops_ring, zin_angel, lemuel_coloured_pillars_altar, uniq_ijyb
D:4:      layout_loops_ring, gammafunk_temple_overflow_forgotten,
          old_standard_altar, marbit_many_paths, kennysheep_path_1,
          dk_noncrumbling_2, uniq_crazy_yiuf_cottage
D:5:      layout_layer_cave, eat_drink_and_be_merry_uskayaw,
          overflow_temple_1_default, temple_pool_b, serial_shops,
          kennysheep_mini, gammafunk_ghost_grave
D:6:      layout_basic, kennysheep_small_spiral, uniq_eustachio,
          uniq_blork_the_orc
D:7:      layout_basic, basic_altar
D:8:      layout_basic, lair_entry_dummy, basic_altar, serial_park_tiny_pond
D:9:      layout_cave_pools, enter_bailey_3
D:10:     layout_loops_ring
D:11:     layout_roguey, uniq_erica, uniq_harold, uniq_sonja
Lair:1:   layout_concentric_octagons
Lair:2:   layout_gridlike, dummy_spider_entry
Lair:3:   layout_loops_ring, minmay_swamp_entry_worms, grunt_megastairs_5,
          infiniplex_staircase_pool, lemuel_fruit_fields
Lair:4:   layout_loops_ring, lemuel_fruit_fields
Lair:5:   layout_gridlike, slime_altar_1, wad_woods_road_01
Lair:6:   hangedman_lair_in_review, layout_small_grid, guppyfry_lair_end_dragon
Swamp:1:  layout_basic_swamp, evilmike_swamp_ruin_house_2, uniq_josephine
Swamp:2:  layout_basic_swamp, evilmike_swamp_ruin_house_6, swamp_pool4,
          st_swamp_ruins_3, uniq_jorgrun

Skill      XL: |  1  2  3  4  5  6  7  8  9 10 11 12 13 |
---------------+----------------------------------------+-----
Shields        | 4 5 6 7 8 10 12 13 14 | 14.5
Fighting       | 4 5 6 8 9 10 11 12 | 12.4
Armour         | 4 6 7 9 10 11 12 13 | 13.4
Long Blades    | 3 4 6 7 9 10 11 13 14 | 14.6
Invocations    | 2 5 6 |  6.9
Maces & Flails | 2 |  2.0
Evocations     | 1 |  1.0
Dodging        | |  0.8

Action                   |  1- 3 |  4- 6 |  7- 9 | 10-12 | 13-15 || total
-------------------------+-------+-------+-------+-------+-------++-------
Melee: Long sword        |   105 |   193 |   376 |   520 |       ||  1194
       Headbutt          |    13 |    28 |    77 |   163 |    95 ||   376
       Mace              |       |       |       |    59 |    16 ||    75
       Scimitar          |       |       |       |   205 |   148 ||   353
       Great sword       |       |       |       |       |    83 ||    83
Invok: Heroism           |       |     1 |     2 |     5 |     3 ||    11
       Finesse           |       |       |       |     1 |     1 ||     2
Evoke: Wand              |       |       |       |    10 |       ||    10
  Use: Scroll            |       |     4 |     4 |    11 |     3 ||    22
       Potion            |       |     1 |     8 |     1 |     1 ||    11
 Stab: Petrified         |       |       |       |       |     2 ||     2
  Eat: Chunk             |     1 |     8 |     9 |    14 |     6 ||    38
       Ration            |       |       |     2 |     4 |     1 ||     7
Armor: Scale mail        |    58 |    67 |    25 |       |       ||   150
       Plate armour      |       |       |   132 |   482 |   181 ||   795
Dodge: Dodged            |    35 |    47 |    77 |   219 |    79 ||   457
Block: Shield            |    87 |   111 |   184 |   573 |   114 ||  1069
       Rpst.: Long sword |     9 |    11 |    19 |    36 |       ||    75
       Scimitar          |       |       |       |    10 |     2 ||    12
       Great sword       |       |       |       |       |     7 ||     7
